 Dungeon Crawl Stone Soup version 0.30.1-4-g462c640d31 (webtiles) character file.

Game seed: 1525266713197462596

1254 growler the Zephyrmancer (level 8, -10/46 HPs)
             Began as a Tengu Air Elementalist on Sept 12, 2023.
             Mangled by an orc warrior
             ... wielding a +0 halberd
              (16 damage)
             ... on level 7 of the Dungeon.
             The game lasted 00:15:17 (6012 turns).

growler the Zephyrmancer (Tengu Air Elementalist)   Turns: 6012, Time: 00:15:17

Health: -10/46     AC:  3    Str:  9    XL:     8   Next: 51%
Magic:  9/17       EV: 14    Int: 17    God:
Gold:   421        SH:  0    Dex: 15    Spells: 8/18 levels left

rFire   . . .        v - +0 dagger (drain)
rCold   . . .        (no shield)
rNeg    . . .        a - +0 robe
rPois   .            (helmet restricted)
rElec   .            l - +0 cloak
rCorr   .            (no gloves)
SInv    .            (boots unavailable)
Will    .....        (no amulet)
Stlth   ++           (no ring)
HPRegen 0.27/turn    (no ring)
MPRegen 0.15/turn

%: no passive effects
@: flying quickly and evasively, quick
A: beak, talons 3, nimble flight
a: no special abilities


You were on level 7 of the Dungeon.
You visited 2 branches of the dungeon, and saw 8 of its levels.

You collected 421 gold pieces.

Inventory:

Hand Weapons
 c - a +0 dagger
 v - a +0 dagger of draining (weapon)
Armour
 a - a +0 robe (worn)
 l - a +0 cloak (worn)
Jewellery
 j - a +6 ring of intelligence
 t - an amulet of faith
Scrolls
 e - 2 scrolls of magic mapping
 f - 2 scrolls of enchant weapon {unknown}
 g - a scroll of vulnerability {unknown}
 h - a scroll of immolation {unknown}
 n - a scroll of fog {unknown}
 o - 2 scrolls of amnesia {unknown}
 r - 2 scrolls of teleportation
 u - a scroll of torment {unknown}
 x - a scroll of identify
 y - a scroll of enchant armour {unknown}
Potions
 b - a potion of magic
 d - 2 potions of invisibility
 i - 3 potions of brilliance
 k - 2 potions of cancellation
 m - a potion of lignification
 p - a potion of curing
 q - 2 potions of flight
 s - a potion of might {unknown}
 w - a potion of degeneration {unknown}
 z - a potion of haste {unknown}


   Skills:
 + Level 3.1 Fighting
 - Level 2.1 Dodging
 - Level 2.0 Stealth
 + Level 5.6 Spellcasting
 - Level 6.0 Conjurations
 + Level 8.6 Air Magic


You had 8 spell levels left.
You knew the following spells:

 Your Spells              Type           Power      Damage    Failure   Level
a - Shock                 Conj/Air       100%       1d9       1%          1
b - Static Discharge      Conj/Air       58%        2-5/arc   1%          2
c - Swiftness             Air            34%        N/A       1%          3
d - Airstrike             Air            17%        2d(3-19)  3%          4

Your spell library contained the following spells:

 Spells                   Type           Power      Damage    Failure   Level
 Iskenderun's Battlesphe  Conj           25%        2d8       32%         5
 Iron Shot                Conj/Erth      7%         9d2       99%         6
 Spellforged Servitor     Conj/Summ      7%         N/A       100%        7


Dungeon Overview and Level Annotations

Branches:
Dungeon (7/15)             Temple (1/1) D:7

Altars:
Cheibriados
Dithmenos
Elyvilon
Fedhas
Gozag
Kikubaaqudgha
Okawaru
Qazlal
Ru
Sif Muna
Trog
Vehumet
Wu Jian
Xom
Yredelemnul
The Shining One

Annotations:
D:5 2 runed translucent doors, rozman's ghost, novice BaFi
D:7 Joseph


Innate Abilities, Weirdness & Mutations

You have a beak for a mouth.
You have claws for feet.
Your magical nature lets you fly swiftly and evasively.


Message History

The orc wizard is moderately wounded.
The lightning grounds out.
The orc warrior hits you with a +0 halberd!
Casting: Static Discharge (safe; 1% risk of failure)
Confirm with . or Enter, or press ? or * to list all spells.
The orc warrior is struck by an arc of lightning.
The orc warrior is moderately wounded.
The orc wizard is struck by an arc of lightning.
The orc wizard is heavily wounded.
The orc warrior is struck by an arc of lightning.
The orc warrior is moderately wounded.
The lightning grounds out.
The orc warrior hits you with a +0 halberd!
The orc wizard casts a spell.
The orc wizard flickers and vanishes!
Deactivating autopickup; reactivate with Ctrl-A.
Casting: Static Discharge (safe; 1% risk of failure)
Confirm with . or Enter, or press ? or * to list all spells.
The orc warrior is struck by an arc of lightning.
The orc warrior is heavily wounded.
You are struck by an arc of lightning.
The orc warrior is struck by an arc of lightning.
The orc warrior is heavily wounded.
You are struck by an arc of lightning.
The orc warrior is struck by an arc of lightning.
The orc warrior is heavily wounded.
The lightning grounds out.
The orc warrior hits you with a +0 halberd!
* * * LOW HITPOINT WARNING * * *
Casting: Static Discharge (safe; 1% risk of failure)
Confirm with . or Enter, or press ? or * to list all spells.
The orc warrior is struck by an arc of lightning.
The orc warrior is severely wounded.
You are struck by an arc of lightning.
* * * LOW HITPOINT WARNING * * *
The orc warrior is struck by an arc of lightning!
The orc warrior is almost dead.
The lightning grounds out.
The orc warrior hits you with a +0 halberd!
You die...

[..## #...#
##..... #..#..# .
#.###.. ( #..#.o#
.## #..{o# #.. #o#
#.# #@# #.#
#.######.##
#......)..#
########..#
##############..#
#...........##..#
#.#########.##..##
#.# #.##...# #.#
#.###..#


You could see an orc warrior and 2 orcs.

Vanquished Creatures
  Edmund (D:6)
  A black bear (D:6)
  An ogre (D:5)
  A centaur (D:7)
  3 phantoms
  A gnoll sergeant (D:7)
  2 scorpions
  A jelly (D:6)
  A hound (D:6)
  2 orc priests (D:5)
  4 iguanas
  7 gnolls
  9 adders
  2 ufetubi
  2 worms (D:2)
  3 dart slugs
  11 orcs
  4 bats
  3 endoplasms
  6 giant cockroaches
  10 goblins
  4 hobgoblins
  2 jackals (D:2)
  2 quokkas
  4 ball pythons
  4 frilled lizards
  6 kobolds
  7 rats
104 creatures vanquished.

Notes
Turn   | Place    | Note
-------+----------+-------------------------------------------
     0 | D:1      | growler the Tengu Air Elementalist began the quest for the
                  | Orb.
     0 | D:1      | Reached XP level 1. HP: 10/10 MP: 4/4
    59 | D:1      | Found Kafuj's Jewellery Boutique.
   282 | D:1      | Reached XP level 2. HP: 15/15 MP: 4/6
   367 | D:1      | Learned a level 2 spell: Static Discharge
   507 | D:1      | Found a faded altar of an unknown god.
  1005 | D:2      | Reached XP level 3. HP: 19/19 MP: 0/7
  1009 | D:2      | Learned a level 3 spell: Swiftness
  1114 | D:2      | Found a snail-covered altar of Cheibriados.
  1295 | D:2      | Reached XP level 4. HP: 18/24 MP: 0/9
  1310 | D:2      | Reached skill level 5 in Air Magic
  2086 | D:3      | Found a white marble altar of Elyvilon.
  2090 | D:3      | Found a glowing golden altar of the Shining One.
  2130 | D:3      | Found a radiant altar of Vehumet.
  2134 | D:3      | Found a basalt altar of Yredelemnul.
  2140 | D:3      | Found a stormy altar of Qazlal.
  2774 | D:4      | Gained mutation: Your magical nature lets you fly swiftly
                  | and evasively. [Tengu growth]
  2774 | D:4      | Reached XP level 5. HP: 22/28 MP: 3/10
  2842 | D:4      | Learned a level 4 spell: Airstrike
  2970 | D:4      | Found a sacrificial altar of Ru.
  3026 | D:4      | Noticed a phantom
  3043 | D:4      | Killed a phantom
  3131 | D:4      | Reached skill level 6 in Air Magic
  3131 | D:4      | Reached XP level 6. HP: 32/32 MP: 6/12
  3856 | D:5      | Entered Level 5 of the Dungeon
  3931 | D:5      | Reached skill level 5 in Conjurations
  4105 | D:5      | Found a large runed translucent door.
  4105 | D:5      | Found a large runed translucent door.
  4107 | D:5      | Noticed rozman's ghost (novice BaFi)
  4183 | D:5      | Reached XP level 7. HP: 11/36 MP: 2/14
  4500 | D:5      | Reached skill level 7 in Air Magic
  4582 | D:5      | Found a blossoming altar of Fedhas.
  4906 | D:6      | Noticed Edmund
  4914 | D:6      | Killed Edmund
  4915 | D:6      | Reached skill level 1 in Fighting
  5073 | D:6      | Reached skill level 5 in Spellcasting
  5073 | D:6      | Reached XP level 8. HP: 40/41 MP: 11/16
  5186 | D:6      | Reached skill level 8 in Air Magic
  5294 | D:6      | Found an ancient bone altar of Kikubaaqudgha.
  5610 | D:7      | Noticed Joseph
  5646 | D:7      | Found a staircase to the Ecumenical Temple.
  5651 | Temple   | Entered the Ecumenical Temple
  6012 | D:7      | Mangled by an orc warrior

Illustrated notes

Levels and vault maps discovered:
D:1:      heliophobic_arrival_ceremonial_halls, layout_loops_ring, serial_shops,
          shop, ebering_ecumenical_altar_webs
D:2:      minmay_alternating_diamond, layout_basic, basic_altar
D:3:      layout_rooms, nicolae_overflow_hallway_of_the_gods,
          guppyfry_early_orc_mine
D:4:      layout_cave_pods, hangedman_ru_absence
D:5:      layout_rooms, fedhas_altar_3, ebering_ghost_disaster_area
D:6:      minmay_klotski, layout_cave_pools,
          nicolae_kikubaaqudgha_miasma_corner, uniq_edmund
D:7:      layout_loops_ring, temple_doors_cd, minmay_strange_pillars,
          uniq_pikel, uniq_joseph
Temple:   hellmonk_temple_micro_hex

Skill      XL: |  1  2  3  4  5  6  7  8 |
---------------+-------------------------+-----
Conjurations   | 2 3 4 5 6 |  6.0
Air Magic      | 5 6 7 8 |  8.6
Spellcasting   | 3 4 5 |  5.6
Fighting       | 1 3 |  3.1
Dodging        | |  2.1
Stealth        | |  2.0

Action                     |  1- 3 |  4- 6 |  7- 9 || total
---------------------------+-------+-------+-------++-------
  Melee: Unarmed           |     9 |       |       ||     9
         Kick              |     5 |     2 |     3 ||    10
         Peck              |     1 |       |     3 ||     4
         Dagger            |     5 |     7 |     7 ||    19
         Punch             |       |     1 |       ||     1
   Cast: Shock             |    53 |   102 |    55 ||   210
         Static Discharge  |     4 |     6 |    16 ||    26
         Airstrike         |       |     2 |     7 ||     9
    Use: Scroll            |       |     8 |       ||     8
 Armour: Robe              |     9 |     2 |     6 ||    17
  Dodge: Dodged            |    12 |     9 |    15 ||    36
